 Dungeon Sprint DCSS version 0.18-b1-20-g17449fe (webtiles) character file.

7100000 LORDOFBUTT the Axe Maniac (level 27, -7/323 HPs)
             Began as an Ogre Monk on May 3, 2016.
             Was the Champion of Makhleb.
             Mangled by a destroyer
             ... wielding a +9 great sword of slicing
              (49 damage)
             ... in the Dungeon (Sprint VIII: "Arena of Blood").
             The game lasted 00:02:15 (71 turns).

LORDOFBUTT the Axe Maniac (Ogre Monk)                 Turns: 71, Time: 00:02:16

Health: -7/323     AC:  5    Str: 24    XL:     27
Magic:  31/54      EV: 33    Int:  9    God:    Makhleb [******]
Gold:   0          SH:  0    Dex: 21    Spells: 0 memorised, 80 levels left

rFire  . . .     SeeInvis .     i - +∞ Axe of Woe
rCold  . . .     Gourm    .     a - +0 robe
rNeg   . . .     Faith    .     (shield currently unavailable)
rPois  .         Spirit   .     (helmet restricted)
rElec  .         Dismiss  .     (no cloak)
rCorr  .         Reflect  .     (gloves unavailable)
SustAt .         Harm     .     (boots unavailable)
MR     ++...     NoTele   +     (no amulet)
Stlth  +++++++...               (no ring)
                                (no ring)

@: very resistant to hostile enchantments, extremely stealthy
A: unfitting armour, tough skin 1
a: Minor Destruction, Lesser Servant of Makhleb, Major Destruction, Greater
Servant of Makhleb, Renounce Religion


You were in the Dungeon.
You worshipped Makhleb.
Makhleb was exalted by your worship.
You were not hungry.

You visited 1 branch

Inventory:

Hand Weapons
 i - the +∞ Axe of Woe (weapon)
   (You found it in the Dungeon)
Armour
 a - a +0 robe (worn)
Jewellery
 j - a +30 ring of slaying
 k - a +30 ring of slaying
 l - a +30 ring of slaying
Scrolls
 h - a scroll of blinking
Potions
 c - a potion of curing
 d - a potion of heal wounds
 e - a potion of haste
 f - 2 potions of magic
 g - a potion of berserk rage
Comestibles
 b - a bread ration


   Skills:
 O Level 27 Fighting
 O Level 27 Axes
 O Level 27 Throwing
 O Level 27 Armour
 O Level 27 Dodging
 O Level 27 Stealth
 O Level 27 Unarmed Combat
 O Level 27 Spellcasting
 O Level 27 Invocations


You had 80 spell levels left.
You didn't know any spells.

Dungeon Overview and Level Annotations

Branches:
Dungeon (1/1)

Altars:
Makhleb


Innate Abilities, Weirdness & Mutations

You are too large for most types of armour.
You have tough skin (AC +1).


Message History

The dread throws damnation at you.
The damnation unfurls!
The damnation engulfs you!
You hear a shout!
The dread calls on the powers of darkness!
The bag of meat convulses!
The meat berserker convulses!
Your body is wracked with pain!
You hear a shout! x5
The meat berserker appears out of thin air!
A meat berserker comes into view. It is wielding a +9 battleaxe.
You slice the bag of meat!!
You fatally mangle the bag of meat.
You kill the bag of meat!
Makhleb accepts your kill.
You feel better.
You hear a shout! x4
Unknown command.
A meat berserker comes into view. It is wielding a +9 battleaxe.
You hear a shout! x3
The destroyer hits you with a +9 great sword of slicing!!!!!
* * * LOW HITPOINT WARNING * * *
You die...

#.%. #... ..#
.%..###... ..###.
.........###......
.#.%......_......
%..%%..#)...§#
.......#_.o._#
......)#))L..#.X.
#.%..))))W.XM.X.
.%%...))@###......
....###))V)X..###.
... #%)W)...# %
#....o..#
...O..%..%..
..%...%%O....
...........%...
%...........O##
...#....%...#.


You could see an accursed, a tyrant, a destroyer, 4 large abominations, 2
dreads, 3 meat berserkers and 2 bags of meat.

Vanquished Creatures
  A hell beast (D)
  14 vampire knights (D)
  19 ogres (D)
  2 liches (D)
  A hydra (D)
  53 orcs (D)
  5 hill giants (D)
  A skeletal warrior (D)
  2 small abominations (D)
  5 large abominations (D)
  2 crawling corpses (D)
105 creatures vanquished.

Notes
Turn   | Place    | Note
--------------------------------------------------------------
     0 | D        | LORDOFBUTT the Ogre Monk began the quest for the Orb.
     0 | D        | Reached XP level 1. HP: 24/24 MP: 1/1
     3 | D        | Noticed a bag of meat
     3 | D        | Noticed a bag of meat
     3 | D        | Noticed a meat berserker
     4 | D        | Noticed a meat berserker
     4 | D        | Became a worshipper of Makhleb the Destroyer
     4 | D        | Reached * piety under Makhleb
     4 | D        | Reached ** piety under Makhleb
     5 | D        | Noticed a bag of meat
     5 | D        | Killed a meat berserker
     5 | D        | Reached skill level 5 in Stealth
     5 | D        | Reached XP level 2. HP: 66/66 MP: 2/2
     5 | D        | Reached XP level 3. HP: 75/75 MP: 3/3
     5 | D        | Reached XP level 4. HP: 84/84 MP: 4/4
     5 | D        | Reached XP level 5. HP: 93/93 MP: 5/5
     5 | D        | Reached XP level 6. HP: 102/102 MP: 6/6
     5 | D        | Reached XP level 7. HP: 111/111 MP: 7/7
     5 | D        | Reached XP level 8. HP: 120/120 MP: 8/8
     5 | D        | Reached XP level 9. HP: 128/128 MP: 9/9
     5 | D        | Reached XP level 10. HP: 139/139 MP: 10/10
     5 | D        | Reached XP level 11. HP: 146/146 MP: 11/11
     5 | D        | Reached XP level 12. HP: 157/157 MP: 12/12
     5 | D        | Reached XP level 13. HP: 165/165 MP: 13/13
     6 | D        | Killed a meat berserker
     6 | D        | Reached XP level 14. HP: 154/185 MP: 14/14
     7 | D        | Noticed a bag of meat
     7 | D        | Killed a bag of meat
     7 | D        | Reached *** piety under Makhleb
     7 | D        | Reached XP level 15. HP: 193/193 MP: 15/15
     8 | D        | Reached skill level 15 in Axes
     9 | D        | Reached **** piety under Makhleb
     9 | D        | Reached XP level 16. HP: 204/204 MP: 16/16
    12 | D        | Noticed a meat berserker
    14 | D        | Noticed a meat berserker
    15 | D        | Noticed a large bag of meat
    16 | D        | Noticed a meat berserker
    16 | D        | Killed a meat berserker
    17 | D        | Noticed a meat berserker
    17 | D        | Noticed a meat berserker
    17 | D        | Reached XP level 17. HP: 182/211 MP: 17/17
    17 | D        | Reached ***** piety under Makhleb
    17 | D        | Killed a meat berserker
    17 | D        | Reached skill level 27 in Axes
    17 | D        | Reached XP level 18. HP: 222/222 MP: 18/18
    18 | D        | Noticed a large bag of meat
    18 | D        | Reached skill level 10 in Throwing
    18 | D        | Killed a meat berserker
    18 | D        | Reached skill level 15 in Spellcasting
    18 | D        | Reached skill level 15 in Invocations
    18 | D        | Reached XP level 19. HP: 231/231 MP: 18/38
    19 | D        | Reached skill level 15 in Throwing
    20 | D        | Reached ****** piety under Makhleb
    20 | D        | Reached skill level 15 in Armour
    21 | D        | Reached XP level 20. HP: 240/240 MP: 18/45
    22 | D        | Noticed a destroyer
    22 | D        | Killed a meat berserker
    22 | D        | Reached XP level 21. HP: 249/249 MP: 18/51
    22 | D        | Reached skill level 27 in Spellcasting
    22 | D        | Reached skill level 27 in Invocations
    22 | D        | Noticed a destroyer
    23 | D        | Noticed a destroyer
    23 | D        | Killed a meat berserker
    23 | D        | Reached skill level 27 in Throwing
    23 | D        | Reached XP level 22. HP: 260/260 MP: 19/53
    23 | D        | Reached skill level 27 in Armour
    24 | D        | Reached skill level 27 in Fighting
    24 | D        | Reached skill level 27 in Unarmed Combat
    25 | D        | Killed a destroyer
    25 | D        | Reached XP level 23. HP: 284/284 MP: 19/54
    25 | D        | Reached skill level 27 in Dodging
    27 | D        | Noticed a destroyer
    27 | D        | Noticed a destroyer
    29 | D        | Killed a destroyer
    29 | D        | Reached skill level 27 in Stealth
    29 | D        | Reached XP level 24. HP: 295/295 MP: 20/54
    29 | D        | Killed a destroyer
    30 | D        | Killed a destroyer
    30 | D        | Reached XP level 25. HP: 304/304 MP: 20/54
    31 | D        | Noticed a destroyer
    32 | D        | Killed a destroyer
    34 | D        | Reached XP level 26. HP: 314/314 MP: 21/54
    36 | D        | Killed a destroyer
    37 | D        | Reached XP level 27. HP: 323/323 MP: 22/54
    39 | D        | Noticed a destroyer
    39 | D        | Killed a destroyer
    42 | D        | Noticed a destroyer
    47 | D        | Noticed a destroyer
    49 | D        | Killed a destroyer
    51 | D        | Noticed a destroyer
    52 | D        | Killed a destroyer
    53 | D        | Noticed a destroyer
    53 | D        | Noticed a destroyer
    53 | D        | Noticed a destroyer
    54 | D        | Killed a destroyer
    55 | D        | Noticed a destroyer
    56 | D        | Killed a destroyer
    57 | D        | Noticed a tyrant
    57 | D        | Noticed a tyrant
    57 | D        | Killed a destroyer
    57 | D        | Killed a destroyer
    59 | D        | Noticed an accursed
    59 | D        | Killed a destroyer
    61 | D        | Noticed a tyrant
    62 | D        | Noticed a dread
    63 | D        | Noticed a dread
    63 | D        | Noticed a destroyer
    65 | D        | Noticed a meat beast
    67 | D        | Killed a tyrant
    68 | D        | Killed a tyrant
    69 | D        | Killed a meat beast
    71 | D        | Mangled by a destroyer

Skill      XL: |  1  2  3  4  5  6  7  8  9 10 11 12 13 14 15 16 17 18 19 20 21 22 23 |
---------------+----------------------------------------------------------------------+-----
Fighting       | 20 23 27 | 27.0
Axes           | 2 11 18 24 27 | 27.0
Dodging        | 14 16 25 27 | 27.0
Stealth        | 5 6 11 27 | 27.0
Unarmed Combat | 21 24 27 | 27.0
Throwing       | 14 20 24 27 | 27.0
Armour         | 12 17 21 26 27 | 27.0
Spellcasting   | 15 21 26 27 | 27.0
Invocations    | 15 21 26 27 | 27.0

Action                   |  1- 3 |  4- 6 |  7- 9 | 10-12 | 13-15 | 16-18 | 19-21 | 22-24 | 25-27 || total
-------------------------+-------+-------+-------+-------+-------+-------+-------+-------+-------++-------
Melee: Executioner's axe |     1 |       |       |       |     4 |     3 |     5 |     7 |    33 ||    53
Dodge: Dodged            |       |       |       |       |       |     1 |       |       |     5 ||     6
